 Dungeon Crawl Stone Soup version 0.21-a0-440-g28109cb (webtiles) character file.

597 Ijustatesigmund the Skirmisher (level 7, 0/51 HPs)
             Began as an Octopode Artificer on Nov 10, 2017.
             Was a Believer of Okawaru.
             Succumbed to a worker ant's poison
             ... on level 6 of the Dungeon.
             The game lasted 00:10:24 (4002 turns).

Ijustatesigmund the Skirmisher (Octopode Artificer) Turns: 4002, Time: 00:10:25

Health: 0/51       AC:  1    Str: 16    XL:     7   Next: 40%
Magic:  9/9        EV: 14    Int: 14    God:    Okawaru [**....]
Gold:   315        SH:  0    Dex: 17    Spells: 6/6 levels left

rFire    . . .     SeeInvis +   i - +2 mace
rCold    + . .     Gourm    .   (no shield)
rNeg     . . .     Faith    .   (helmet restricted)
rPois    .         Spirit   .   (no amulet)
rElec    .         Reflect  .   x - +3 ring of dexterity
rCorr    .         Harm     .   (no ring)
MR       .....                  (no ring)
Stlth    +++.......             (no ring)
HPRegen  0.17/turn              (no ring)
MPRegen  0.11/turn              (no ring)
                                (no ring)
                                (no ring)

@: mighty, lethally poisoned (0 -> -4), flying, very slightly contaminated,
invisible
A: almost no armour, stealthy swim, amphibious, 8 rings, constrict 8, tentacle
spike 1, camouflage 1, see invisible, cold resistance 1, gelatinous body 1, no
potion heal 1
a: Heroism, Renounce Religion


You were on level 6 of the Dungeon.
You worshipped Okawaru.
Okawaru was pleased with you.
You were not hungry.

You visited 1 branch of the dungeon, and saw 6 of its levels.

You collected 315 gold pieces.

Inventory:

Hand Weapons
 a - a +0 mace of holy wrath
 i - a +2 mace (weapon)
 s - a +0 blowgun
 v - a +0 rapier of freezing
Missiles
 t - 15 poisoned needles
Jewellery
 x - a +3 ring of dexterity (left tentacle)
Wands
 b - a wand of flame (14/48)
 c - a wand of enslavement (13/24)
 d - a wand of random effects (13/48)
Scrolls
 h - a scroll of amnesia
 l - 2 scrolls of teleportation
 o - a scroll of fear
 w - a scroll of remove curse
Potions
 e - 3 potions of magic
 j - a potion of might
 p - a potion of flight
Books
 m - a book of Air

   Spells                             Type                      Level
   a - Shock                          Conjuration/Air              1
   b - Swiftness                      Charms/Air                   2
   c - Static Discharge               Conjuration/Air              3
   d - Airstrike                      Air                          4
   e - Lightning Bolt                 Conjuration/Air              5
Comestibles
 f - 3 bread rations
 g - 2 meat rations
 q - a royal jelly
 r - 2 fruits


   Skills:
 + Level 5.9 Fighting
 - Level 1.0 Short Blades
 + Level 4.4 Maces & Flails
 - Level 2.2 Dodging
 - Level 2.2 Stealth
 - Level 3.2 Evocations


You had 6 spell levels left.
You didn't know any spells.

Dungeon Overview and Level Annotations

Branches:
Dungeon (6/15)             Temple (0/1) D:5

Altars:
Ashenzari
Fedhas
Hepliaklqana
Kikubaaqudgha
Okawaru
Zin


Innate Abilities, Weirdness & Mutations

You cannot wear most types of armour.
You are very stealthy in the water. (Stealth+)
You are amphibious.
You can wear up to eight rings at the same time.
You can use your tentacles to constrict eight enemies at once.
Your skin changes colour to match your surroundings (Stealth+).
Your rubbery body absorbs attacks. (AC +1, EV +1)
One of your tentacles bears a spike.
You have supernaturally acute eyesight. (SInv)
Your flesh is cold resistant. (rC+)
Potions are less effective at restoring your health.


Message History

You see here a worker ant corpse.
* * * LOW HITPOINT WARNING * * *
You feel sick.
* * * LOW HITPOINT WARNING * * *
You feel sick.
* * * LOW HITPOINT WARNING * * *
You feel sick.
It was a potion of might.
You feel very mighty all of a sudden.
* * * LOW HITPOINT WARNING * * *
You feel sick.
It was a potion of flight.
You feel very buoyant.
You fly up into the air.
* * * LOW HITPOINT WARNING * * *
You feel sick.
It was a potion of invisibility.
You fade into invisibility!
You are very lightly contaminated with residual magic.
You die...

#.#..#.#.#.#.#.# #.
#.###)........## #. ### #.#
#.#.#.#.#.# #) ##.###.#
##........# #. ##...##.##
####..#..# #.
#####(.......#######....########.
.<((.(......[....................
#####........#########.########.(
##...##.....@....†.# ###
##.################ ###


There were no monsters in sight!

Vanquished Creatures
  A hornet zombie (D:6)
  A phantom (D:6)
  3 wights (D:6)
  A crimson imp (D:5)
  A hound (D:5)
  An orc priest (D:3)
  2 worker ants
  A worker ant zombie (D:5)
  A howler monkey skeleton (D:5)
  A gnoll (D:6)
  5 adders
  A worm (D:3)
  2 leopard geckos
  5 orcs
  12 bats
  7 hobgoblins
  4 jackals (D:2)
  4 kobolds
  A quokka (D:3)
  4 ball pythons
  7 frilled lizards
  6 goblins
  7 rats
78 creatures vanquished.

Vanquished Creatures (collateral kills)
  A wight (D:6)
  2 gnolls (D:6)
3 creatures vanquished.

Vanquished Creatures (others)
  A minotaur (D:1)
  An octopode (D:1)
  2 gargoyles (D:1)
  A spriggan (D:1)
  A vampire (D:1)
  A human (D:3)
  3 ogres (D:1)
  A mummy (D:1)
  A gnoll (D:6)
  2 orcs
  A kobold (D:1)
  4 tentacles (D:1)
19 creatures vanquished.

Grand Total: 100 creatures vanquished

Notes
Turn   | Place    | Note
-------+----------+-------------------------------------------
     0 | D:1      | Ijustatesigmund the Octopode Artificer began the quest for the Orb.
     0 | D:1      | Reached XP level 1. HP: 13/13 MP: 3/3
     0 | D:1      | Noticed an ogre
     0 | D:1      | Noticed a gargoyle
     0 | D:1      | Noticed an ogre
     0 | D:1      | Noticed a minotaur
     0 | D:1      | Noticed an octopode
     0 | D:1      | Noticed a kraken
     0 | D:1      | Noticed an ogre
     0 | D:1      | Noticed a spriggan
     0 | D:1      | Noticed a vampire
     0 | D:1      | Noticed a gargoyle
     5 | D:1      | Killed a gargoyle
     5 | D:1      | Killed an ogre
     5 | D:1      | Killed a minotaur
     6 | D:1      | Killed an ogre
     7 | D:1      | Killed an octopode
     8 | D:1      | Killed a gargoyle
     8 | D:1      | Killed a vampire
     9 | D:1      | Killed an ogre
     9 | D:1      | Killed a spriggan
   397 | D:1      | Reached skill level 2 in Fighting
   397 | D:1      | Reached XP level 2. HP: 18/19 MP: 4/4
   845 | D:2      | Reached XP level 3. HP: 25/25 MP: 5/5
   873 | D:2      | Reached skill level 3 in Fighting
  1202 | D:3      | Reached XP level 4. HP: 22/31 MP: 6/6
  1479 | D:3      | Found an ancient bone altar of Kikubaaqudgha.
  1479 | D:3      | Noticed a human
  1482 | D:3      | Killed a human
  1521 | D:3      | Found an iron altar of Okawaru.
  1529 | D:3      | Became a worshipper of Warmaster Okawaru
  2044 | D:3      | Reached skill level 1 in Maces & Flails
  2274 | D:4      | Gained mutation: You are weak. (Str -2) [potion of mutation]
  2274 | D:4      | Gained mutation: You are very weak. (Str -4) [potion of mutation]
  2274 | D:4      | Gained mutation: Your flesh is cold resistant. (rC+) [potion of mutation]
  2274 | D:4      | Gained mutation: Your flesh is very cold resistant. (rC++) [potion of mutation]
  2296 | D:4      | Reached skill level 4 in Fighting
  2296 | D:4      | Reached XP level 5. HP: 27/37 MP: 7/7
  2379 | D:4      | Noticed a phantom
  2424 | D:5      | Entered Level 5 of the Dungeon
  2424 | D:5      | Found a shattered altar of Ashenzari.
  2685 | D:5      | Found a staircase to the Ecumenical Temple.
  3130 | D:5      | Reached XP level 6. HP: 41/44 MP: 8/8
  3142 | D:5      | Found a hazy altar of Hepliaklqana.
  3213 | D:5      | Found a glowing silver altar of Zin.
  3216 | D:5      | Found an ancient bone altar of Kikubaaqudgha.
  3400 | D:5      | Found a blossoming altar of Fedhas.
  3508 | D:6      | Noticed a phantom
  3542 | D:6      | Killed a phantom
  3542 | D:6      | Reached * piety under Okawaru
  3542 | D:6      | Reached skill level 5 in Fighting
  3557 | D:6      | Lost mutation: You are very weak. (Str -4) [potion of mutation]
  3557 | D:6      | Lost mutation: Your flesh is very cold resistant. (rC++) [potion of mutation]
  3557 | D:6      | Lost mutation: You are weak. (Str -2) [potion of mutation]
  3557 | D:6      | Gained mutation: Potions are less effective at restoring your health. [potion of mutation]
  3557 | D:6      | Gained mutation: You have supernaturally acute eyesight. (SInv) [potion of mutation]
  3557 | D:6      | Gained mutation: One of your tentacles bears a spike. [potion of mutation]
  3614 | D:6      | HP: 2/45 [wight/great sword (1)]
  3619 | D:6      | Reached XP level 7. HP: 16/50 MP: 9/9
  3993 | D:6      | Reached ** piety under Okawaru
  3997 | D:6      | HP: 2/51 [poisoned by a worker ant]
  4002 | D:6      | Succumbed to a worker ant's poison

Vault maps used:
D:1:      nicolae_arrival_kraken_aquarium_a
D:2:      serial_glass, glass_columns_a, glass_columns_b, glass_columns_a,
          glass_columns_a, glass_columns_a, glass_columns_a
D:3:      lemuel_round_altar, tgw_kikubaaqudgha
D:4:      old_standard_altar, kennysheep_little_box, first_bread
D:5:      cheibrodos_iron_armory, nicolae_ashenzari_panopticon,
          kennysheep_mini_moat, nicolae_overflow_hidden_temple, basic_altar,
          hex_large
D:6:      gup_sewer_entry_bowl, serial_shops,
          nicolae_shop_temple_entry_statues_fountains, hex_medium,
          kennysheep_cross_room, st_stairs_10

Skill      XL: |  1  2  3  4  5  6  7 |
---------------+----------------------+-----
Fighting       | 2 3 4 5 |  5.9
Stealth        | 2 |  2.2
Maces & Flails | 1 2 3 4 |  4.4
Short Blades   | |  1.0
Dodging        | |  2.2
Evocations     | |  3.2

Action                   |  1- 3 |  4- 6 |  7- 9 || total
-------------------------+-------+-------+-------++-------
Melee: Short sword       |    78 |    20 |       ||    98
       Constrict         |    27 |    25 |     4 ||    56
       Tentacles         |    13 |    23 |     2 ||    38
       Mace              |       |    86 |    14 ||   100
       Kick              |       |     3 |     5 ||     8
Throw: Javelin           |       |     6 |       ||     6
Evoke: Wand              |       |     3 |     2 ||     5
  Use: Scroll            |     2 |     6 |     1 ||     9
       Potion            |       |     6 |     6 ||    12
 Stab: Sleeping          |     9 |     5 |       ||    14
       Distracted        |       |     1 |       ||     1
  Eat: Chunk             |       |     8 |       ||     8
       Fruit             |       |       |     2 ||     2
Armor: Skin              |    11 |     7 |     2 ||    20
Dodge: Dodged            |    49 |    74 |    12 ||   135

Table legend:
 A = Spawn XP
 B = Non-spawn XP
 C = Spawn XP percentage of total XP
 D = Spawn monster count
 E = Non-spawn monster count
 F = Spawn count percentage of total count
 G = Total turns spent on level
                    A         B        C        D         E        F      G
               +---------+---------+-------+---------+---------+-------+---------
         Total |       0 |     854 |   0.0 |       0 |      82 |   0.0 |  4002
               +---------+---------+-------+---------+---------+-------+---------
           D:1 |       0 |      28 |   0.0 |       0 |      19 |   0.0 |   838
           D:2 |       0 |      33 |   0.0 |       0 |      12 |   0.0 |   338
           D:3 |       0 |     102 |   0.0 |       0 |      29 |   0.0 |  1058
           D:4 |       0 |      49 |   0.0 |       0 |       2 |   0.0 |   190
           D:5 |       0 |     157 |   0.0 |       0 |       8 |   0.0 |  1201
           D:6 |       0 |     485 |   0.0 |       0 |      12 |   0.0 |   377
               +---------+---------+-------+---------+---------+-------+---------
